 Dungeon Crawl Stone Soup version 0.29-a0-91-gdebf4667c2 (webtiles) character file.

Game seed: 16634808020120714540

51 Sweetruy1997 the Skirmisher (level 3, 0/34 HPs)
             Began as a Minotaur Berserker on Feb 7, 2022.
             Was a Believer of Trog.
             Slain by an orc wizard (3 damage)
             ... on level 3 of the Dungeon.
             The game lasted 00:04:21 (2096 turns).

Sweetruy1997 the Skirmisher (Minotaur Berserker)    Turns: 2096, Time: 00:04:21

Health: 0/34       AC:  4    Str: 21    XL:     3   Next: 58%
Magic:  2/2        EV: 12    Int:  4    God:    Trog [**....]
Gold:   101        SH:  0    Dex: 11    Spells: 2/2 levels left

rFire   . . .      SeeInvis .   a - +0 hand axe
rCold   . . .      Faith    .   (no shield)
rNeg    . . .      Spirit   .   k - +0 leather armour
rPois   .          Reflect  .   (helmet restricted)
rElec   .          Harm     .   (no cloak)
rCorr   .          Rampage  .   (no gloves)
Will    .....                   d - +0 pair of boots
Stlth   +.........              (no amulet)
HPRegen 0.11/turn               (no ring)
MPRegen 0.08/turn               (no ring)

@: no status effects
A: horns 2, retaliatory headbutt
a: Renounce Religion, Berserk, Trog's Hand


You were on level 3 of the Dungeon.
You worshipped Trog.
Trog was pleased with you.
You visited 1 branch of the dungeon, and saw 3 of its levels.

You collected 101 gold pieces.

Inventory:

Hand Weapons
 a - a +0 hand axe (weapon)
Armour
 d - a +0 pair of boots (worn)
 k - a +0 leather armour (worn)
Scrolls
 b - a scroll of amnesia {unknown}
 c - a scroll of summoning {unknown}
 e - a scroll of identify {unknown}
 f - a scroll of blinking {unknown}
 h - a scroll of enchant armour {unknown}
 j - a scroll of fog {unknown}
 n - a scroll of silence {unknown}
Potions
 g - a potion of magic {unknown}
 i - a potion of curing {unknown}
 l - a potion of attraction {unknown}
 m - a potion of haste {unknown}


   Skills:
 + Level 4.4 Fighting
 + Level 4.4 Axes
 + Level 2.9 Armour
 + Level 2.4 Dodging


You had 2 spell levels left.
You didn't know any spells.
Your spell library was empty.

Dungeon Overview and Level Annotations

Branches:
Dungeon (3/15)

Altars:


Innate Abilities, Weirdness & Mutations

You have a pair of horns on your head.
You reflexively headbutt those who attack you in melee.


Message History

You hear some strange, mumbled words.
You are more confused.
You bump into the rock wall.
You hear some strange, mumbled words.
Something tries to affect you, but you resist.
You bump into the rock wall.
An orc wizard appears from thin air!
Reactivating autopickup.
The orc wizard barely misses you.
You bump into the rock wall.
The orc wizard hits you with a +0 dagger.
You bump into the rock wall.
The orc wizard casts a spell.
The orc wizard flickers and vanishes!
Deactivating autopickup; reactivate with Ctrl-A.
You closely miss something. Your headbutt misses something.
Your punch misses something. Something hits you but does no damage.
The orc hits you with a +0 mace.
You're too confused to move!
Something hits you but does no damage.
You barely miss something. Something hits you.
Unknown command.
You bump into the rock wall.
Something barely misses you.
You bump into the rock wall.
Something hits you but does no damage.
You miss something. Something hits you.
You miss something. Your headbutt misses something.
You feel less confused. Something hits you but does no damage.
You hit something. Your headbutt misses something. Something hits you.
* * * LOW HITPOINT WARNING * * *
You hit something. Something hits you.
* * * LOW HITPOINT WARNING * * *
You barely miss something. Something hits you.
* * * LOW HITPOINT WARNING * * *
You closely miss something. Your headbutt misses something.
Something barely misses you.
You hear some strange, mumbled words.
A puff of flame appears from out of thin air!
The puff of flame hits you.
* * * LOW HITPOINT WARNING * * *
You closely miss something. Your headbutt misses something. Something hits you.
You die...

..g.....# ... #.
#)# ####.. #. #.#
#... .. #.
#.#####.# #. ###.
#.g##...# #..##.).
##oo....## #......
##oh##..# ####.##
#{####.# ##..# #@#
#.# ##..## #.#
#.#####..## ..#
#...##..##
#########....######
.................
########.########
#######..####
....>.......#
........###<..#


You could see a black bear, 3 orcs and a goblin.

Vanquished Creatures
  An adder (D:3)
  A dart slug (D:1)
  An orc (D:3)
  4 ball pythons (D:1)
  4 bats
  3 endoplasms
  2 giant cockroaches
  3 hobgoblins
  A quokka (D:1)
  6 frilled lizards (D:1)
  3 goblins
  4 kobolds
  7 rats
40 creatures vanquished.

Notes
Turn   | Place    | Note
-------+----------+-------------------------------------------
     0 | D:1      | Sweetruy1997 the Minotaur Berserker began the quest for the
                  | Orb.
     0 | D:1      | Reached XP level 1. HP: 19/19 MP: 0/0
   347 | D:1      | Reached XP level 2. HP: 23/27 MP: 1/1
   485 | D:1      | Found a faded altar of an unknown god.
  1012 | D:1      | Reached XP level 3. HP: 31/34 MP: 2/2
  1897 | D:3      | Reached ** piety under Trog
  2049 | D:3      | Noticed a black bear
  2096 | D:3      | Slain by an orc wizard

Illustrated notes

Levels and vault maps discovered:
D:1:      matt_arrival_spirals, layout_loops_ring,
          ebering_ecumenical_altar_sacrificial, bh_walls_and_bars
D:2:      layout_loops_ring
D:3:      layout_rooms, ebering_ghost_inner_flame

Skill      XL: |  1  2 |
---------------+-------+-----
Fighting       | 4 |  4.4
Axes           | 4 |  4.4
Armour         | |  2.9
Dodging        | |  2.4

Action                   || total
-------------------------++-------
Melee: Hand axe          ||    97
       Headbutt          ||     4
       Punch             ||     1
Armor: Animal skin       ||     7
       Leather armour    ||    15
Dodge: Dodged            ||    53

Table legend: (Time is in decaauts)
 A = Elapsed time spent in this place.
 B = Non-inter-level travel time spent in this place.
 C = Inter-level travel time spent in this place.
 D = Time resting spent in this place.
 E = Time spent auto-exploring this place.
 F = Levels seen in this place.
 G = Mean time per level.
                   A        B        C        D        E       F      G
               +--------+--------+--------+--------+--------+-----+--------+
         Total |   2104 |   2057 |     47 |      0 |   1768 |   3 |  701.3 |
       Dungeon |   2104 |   2057 |     47 |      0 |   1768 |   3 |  701.3 |
               +--------+--------+--------+--------+--------+-----+--------+

Top non-repeatable levels by time:
     D:1: 1202 daAuts
     D:2: 695 daAuts
     D:3: 206 daAuts
